Map: Ulrena

Players

Miszu - Winner!

  • Race: Terran Terran
  • League: Master

llllllllllll

  • Race: Protoss Protoss
  • League: Master

VOD

Have the link to the VOD?

Description

Time

  • Played on: April 13, 2016, 3:17 p.m.
  • Length: 4:29
Show
View Real Time Build Order
Export as new Build Order

Miszu Terran - Winner!

Build Orders: 1/1/1, Liberator Opening 

Get SALT Encoding   

  12  0:00  SCV  
  13  0:12  SCV  
  14  0:18  Supply Depot  
  14  0:24  SCV  
  15  0:40  SCV  
  15  0:42  Barracks  
  16  0:44  Refinery  
  16  0:52  SCV  
  16  0:53  Refinery  
  17  1:04  SCV  
  18  1:16  SCV  
  19  1:30  Marine, Orbital Command  
  20  1:35  Factory  
  20  1:44  Supply Depot  
  20  1:48  Marine  
  21  1:56  SCV  
  22  2:06  Marine  
  22  2:08  SCV  
  24  2:10  Supply Depot  
  24  2:20  Hellion  
  24  2:22  Starport  
  26  2:25  Marine  
  26  2:26  SCV  
  28  2:38  SCV  
  28  2:41  Hellion  
  28  2:43  Marine  
  32  2:51  SCV  
  33  2:52  Supply Depot  
  33  2:59  Medivac  
  33  3:00  Marine  
  33  3:04  Hellion  
  38  3:06  SCV  
  39  3:19  Barracks Reactor  
  39  3:21  Liberator, SCV  
  39  3:25  Factory Tech Lab  
  40  3:35  SCV  
  44  3:47  Command Center  
  44  4:00  Marine x2  
  46  4:09  SCV  
  44  4:19  Barracks  
  44  4:20  Barracks  
Show
View Real Time Build Order
Export as new Build Order

llllllllllll Protoss 

Build Orders: 1 Gate Expand 

Get SALT Encoding   

  12  0:01  Probe (Chrono Boost)  
  13  0:13  Probe (Chrono Boost)  
  14  0:19  Pylon  
  14  0:23  Probe (Chrono Boost)  
  15  0:38  Gateway, Probe (Chrono Boost)  
  16  0:48  Probe (Chrono Boost)  
  16  0:49  Assimilator  
  17  0:59  Probe (Chrono Boost)  
  18  1:09  Probe (Chrono Boost)  
  19  1:21  Nexus  
  19  1:24  Probe (Chrono Boost)  
  20  1:35  Cybernetics Core  
  20  1:37  Probe (Chrono Boost)  
  21  1:42  Assimilator  
  21  1:48  Probe (Chrono Boost)  
  22  1:55  Pylon  
  22  1:58  Probe (Chrono Boost)  
  23  2:14  Mothership Core (Chrono Boost)  
  25  2:20  Warp Gate (Chrono Boost)  
  25  2:23  Adept  
  27  2:32  Probe (Chrono Boost)  
  27  2:33  Probe (Chrono Boost)  
  29  2:43  Probe  
  30  2:45  Gateway  
  30  2:46  Gateway  
  30  2:47  Probe  
  31  2:52  Stalker  
  31  2:55  Probe  
  34  2:59  Probe  
  35  3:10  Pylon  
  35  3:16  Robotics Facility  
  35  3:18  Probe  
  36  3:20  Probe  
  36  3:22  Stalker  
  39  3:32  Pylon  
  39  3:39  Pylon  
  38  3:46  Probe  
  38  3:47  Probe  
  38  4:02  Probe  
  37  4:13  Stalker  
Tags
 
Add a new tag
Caveats
  • Supply blocks, unpowered buildings, or Contaminate may cause inaccurate times.
  • Supply counts are checked every 10 seconds.